AoeStats
← [Massa] Edo

Arena

506947439Analyzed
2v2 RM · 15d ago on Sep 15, 2026· 33m 38s· 4 players
Game mode
Random Map
Map size
Medium (4 player)
Population
200
Speed
Normal
Resources
Standard
Victory
Conquest
Starting age
Dark Age
Ending age
Imperial Age
RankedLock teamsTeams togetherTeam positionsShared explorationLock speedFull tech treeHidden civsTurbo modeCheats
Victory
Defeat
🇵🇪 Spanish · Peru
1540
+14
🇧🇷 Celts · Brazil
1448
+18
🇳🇱 Britons · Netherlands
1535
-18
🇩🇪 Persians · Germany
1440
-14
my_dad
10:55 Feudal Age
14:21 Castle Age
12:24 Stone Mining
13:17 Double-Bit Axe
14:09 Town Watch
14:09 Horse Collar
23:07 Fletching
23:52 Loom
24:08 Town Watch
26:23 Elite Skirmisher
27:20 Padded Archer Armor
33:17 Imperial Age
32:48 Bodkin Arrow
33:36 Bow Saw
34:06 Leather Archer Armor
34:27 Wheelbarrow
Rotank
11:14 Feudal Age
12:59 Double-Bit Axe
15:16 Castle Age
13:34 Horse Collar
13:52 Stone Mining
16:15 Bow Saw
16:08 Heavy Plow
22:03 Fletching
23:44 Wheelbarrow
23:13 Bodkin Arrow
23:30 Loom
23:32 Town Watch
28:20 Imperial Age
26:08 Padded Archer Armor
27:15 Ballistics
28:50 Yeomen
28:56 Leather Archer Armor
30:11 Chemistry
29:49 Bracer
31:17 Conscription
31:17 Gold Mining
32:21 Hand Cart
32:33 Hand Cart
[Massa] Edo
10:13 Feudal Age
14:28 Castle Age
12:33 Double-Bit Axe
12:30 Horse Collar
13:44 Forging
13:58 Gold Mining
16:23 Loom
22:17 Bow Saw
22:47 Fervor
23:17 Wheelbarrow
22:45 Heavy Plow
23:33 Gold Shaft Mining
25:52 Stone Mining
27:17 Sanctity
29:55 Imperial Age
28:39 Stone Shaft Mining
30:09 Hand Cart
30:15 Fletching
30:55 Ballistics
30:17 Onager
31:03 Bodkin Arrow
31:58 Padded Archer Armor
33:01 Chemistry
31:25 Elite Skirmisher
32:58 Leather Archer Armor
32:08 Siege Onager
DarkWolf110722
8:32 Loom
10:17 Feudal Age
14:45 Castle Age
13:59 Stone Mining
23:48 Double-Bit Axe
24:34 Padded Archer Armor
29:13 Bloodlines
30:07 Horse Collar
33:12 Imperial Age
32:40 Wheelbarrow
32:27 Husbandry
33:53 Scale Barding Armor
Connection lost

Rejoining the realm…

Still unreachable

The connection could not be restored.

Session expired

The server has moved on; the page needs a fresh start.